 Dungeon Crawl Stone Soup version 0.21.1-1-g345015f (webtiles) character file.

6765 Galewin the Severer (level 10, 0/77 HPs)
             Began as a Minotaur Berserker on June 21, 2018.
             Was a High Priest of Trog.
             Succumbed to a queen ant's poison
             ... on level 8 of the Dungeon.
             The game lasted 00:14:51 (6479 turns).

Galewin the Severer (Minotaur Berserker)            Turns: 6479, Time: 00:14:51

Health: 0/77       AC:  8    Str: 26    XL:     10   Next: 75%
Magic:  9/9        EV: 13    Int:  4    God:    Trog [*****.]
Gold:   154        SH:  0    Dex:  9    Spells: 9/9 levels left

rFire    . . .     SeeInvis .   y - +4 battleaxe
rCold    . . .     Gourm    .   (shield currently unavailable)
rNeg     . . .     Faith    .   z - +0 ring mail
rPois    .         Spirit   .   (helmet restricted)
rElec    .         Reflect  .   (no cloak)
rCorr    .         Harm     .   C - +2 pair of gloves
MR       ++...                  (no boots)
Stlth    ..........             (no amulet)
HPRegen  1.22/turn              n - +2 ring of evasion
MPRegen  0.11/turn              (no ring)

@: lethally poisoned (0 -> -17), berserk cooldown, regenerating, slowed, very
slow
A: retaliatory headbutt, horns 2
a: Berserk, Trog's Hand, Brothers in Arms, Burn Spellbooks, Renounce Religion


You were on level 8 of the Dungeon.
You worshipped Trog.
Trog was extremely pleased with you.
You were near starving.

You visited 1 branch of the dungeon, and saw 8 of its levels.
You also visited: Sewer.

You collected 465 gold pieces.
You spent 311 gold pieces at shops.

Inventory:

Hand Weapons
 y - a +4 battleaxe (weapon)
Armour
 z - a +0 ring mail (worn)
 C - a +2 pair of gloves (worn)
Jewellery
 n - a +2 ring of evasion (left hand)
 A - a cursed amulet of inaccuracy {unknown}
 B - an uncursed ring of flight
Wands
 s - a wand of iceblast (7)
 u - a wand of acid (15)
Scrolls
 a - a scroll of acquirement {unknown}
 e - 2 scrolls of immolation {unknown}
 h - 6 scrolls of teleportation {unknown}
 k - 6 scrolls of remove curse
 m - a scroll of blinking {unknown}
 o - 4 scrolls of amnesia {unknown}
 q - 3 scrolls of enchant armour
 r - 2 scrolls of random uselessness {unknown}
 v - a scroll of noise {unknown}
 x - 2 scrolls of enchant weapon {unknown}
Potions
 b - 2 potions of cancellation {unknown}
 d - a potion of resistance {unknown}
 g - a potion of heal wounds {unknown}
 i - 2 potions of curing {unknown}
 j - a potion of lignification {unknown}
 l - 3 potions of brilliance {unknown}
 p - 2 potions of flight {unknown}
 t - 4 potions of might {unknown}
 w - a potion of ambrosia {unknown}
 D - a potion of mutation {unknown}
Comestibles
 c - 17 rations


   Skills:
 - Level 3.6 Fighting
 * Level 18.3 Axes
 - Level 2.4 Armour
 - Level 2.1 Dodging


You had 9 spell levels left.
You didn't know any spells.

Dungeon Overview and Level Annotations

Branches:
Dungeon (8/15)             Temple (0/1) D:4
   Lair: D:8-11

Altars:
Cheibriados
Dithmenos
Elyvilon
Gozag
Hepliaklqana
Kikubaaqudgha
Okawaru
Trog
Uskayaw
Xom
The Shining One

Shops:
D:8 *


Innate Abilities, Weirdness & Mutations

You reflexively headbutt those who attack you in melee.
You have a pair of horns on your head.


Message History

Trog accepts your kill.
* * * LOW HITPOINT WARNING * * *
You feel sick.
* * * LOW HITPOINT WARNING * * *
You feel sick.
Things that are here:
a worker ant corpse; a soldier ant corpse You are too berserk!
You feel a strong urge to attack something.
You are no longer berserk.
You are exhausted.
You feel yourself slow down.
* * * LOW HITPOINT WARNING * * *
You feel very sick.
Things that are here:
a worker ant corpse x3
Your skin crawls.
You feel resistant to hostile enchantments.
You feel somewhat more hungry.
You die...

#...##... ..
##.......
#...#.... .. ...
##...... #...#
...###. #...
#...(..
#...####.[#..
#..# #..##..
#.....###...##
..## #..##.#
###.####..††.#
....# #..##.#
#....##...###...#
#..##..
####..###††#..#
#..##.#
##...##†@.#
#.....#
###..#'''#
#..##.# ##)....#
#####.. #######
#.. ### # # # #


There were no monsters in sight!

Vanquished Creatures
  A queen ant (D:8)
  2 two-headed ogres (D:8)
  The ghost of matthes123 the Sneak, a novice OpWn of Yredelemnul (D:6)
  Psyche (D:8)
  4 hogs (D:7)
  A human (D:7)
  3 soldier ants (D:8)
  An ice beast (D:5)
  A phantom (D:7)
  A sky beast (D:7)
  An eye of draining (D:8)
  An ogre (D:8)
  6 centaurs
  A big kobold (D:8)
  6 bullfrogs
  4 scorpions
  The ghost of tidbits the Grave Robber, a weakling GnNe (D:4)
  5 wights (D:7)
  A centaur zombie (D:7)
  A crimson imp (D:6)
  A hound (D:6)
  A centaur skeleton (D:8)
  2 bullfrog skeletons
  A jelly (D:5)
  4 iguanas
  2 orc wizards
  29 worker ants
  2 killer bee zombies
  A hound zombie (D:8)
  The ghost of tidbits the Grave Robber, a weakling GnNe (D:3)
  A hound skeleton (D:4)
  A howler monkey zombie (D:5)
  A worker ant zombie (D:8)
  4 adders
  4 gnolls (D:3)
  A river rat (D:5)
  2 shadow imps
  4 oozes
  An adder skeleton (D:8)
  An adder zombie (D:8)
  4 worms
  2 dart slugs (D:1)
  11 leopard geckos
  10 orcs
  5 ball pythons
  7 bats
  15 giant cockroaches
  8 goblins
  11 hobgoblins
  8 jackals
  5 quokkas
  9 frilled lizards
  9 kobolds
  A quokka skeleton (D:5)
  A quokka zombie (D:5)
  8 rats
221 creatures vanquished.

Notes
Turn   | Place    | Note
-------+----------+-------------------------------------------
     0 | D:1      | Galewin the Minotaur Berserker began the quest for the Orb.
     0 | D:1      | Reached XP level 1. HP: 19/19 MP: 0/0
    38 | D:1      | Reached skill level 4 in Axes
   102 | D:1      | Reached XP level 2. HP: 16/26 MP: 1/1
   455 | D:1      | Reached skill level 5 in Axes
   509 | D:1      | Reached XP level 3. HP: 25/31 MP: 2/2
   814 | D:2      | Found an iron altar of Okawaru.
   895 | D:2      | Reached ** piety under Trog
   997 | D:2      | Found a glowing golden altar of the Shining One.
  1223 | D:2      | Found a shimmering altar of Xom.
  1729 | D:3      | Reached skill level 6 in Axes
  1729 | D:3      | Reached XP level 4. HP: 27/39 MP: 3/3
  1840 | D:3      | Noticed tidbits's ghost (weakling GnNe)
  1852 | D:3      | Killed tidbits's ghost
  1955 | D:3      | Reached skill level 7 in Axes
  1955 | D:3      | Reached XP level 5. HP: 31/45 MP: 4/4
  2170 | D:3      | Reached skill level 8 in Axes
  2185 | D:3      | Reached *** piety under Trog
  2523 | D:4      | Reached XP level 6. HP: 25/51 MP: 5/5
  2547 | D:4      | Found a hide-covered altar of Uskayaw.
  2572 | D:4      | Found an opulent altar of Gozag.
  2708 | D:4      | Noticed tidbits's ghost (weakling GnNe)
  2719 | D:4      | Killed tidbits's ghost
  2742 | D:4      | Reached skill level 9 in Axes
  3004 | D:4      | Found a staircase to the Ecumenical Temple.
  3052 | D:5      | Entered Level 5 of the Dungeon
  3084 | D:5      | Found a glowing drain.
  3095 | Sewer    | Entered a sewer
  3317 | Sewer    | Reached **** piety under Trog
  3317 | Sewer    | Reached XP level 7. HP: 51/57 MP: 6/6
  3327 | Sewer    | Reached skill level 10 in Axes
  3764 | D:5      | Found a white marble altar of Elyvilon.
  3798 | D:5      | Reached skill level 11 in Axes
  4456 | D:6      | Noticed matthes123's ghost (novice OpWn)
  4462 | D:6      | Killed matthes123's ghost
  4462 | D:6      | Reached skill level 12 in Axes
  4462 | D:6      | Reached XP level 8. HP: 64/64 MP: 7/7
  4612 | D:6      | Found a hazy altar of Hepliaklqana.
  4720 | D:6      | Reached skill level 13 in Axes
  5161 | D:7      | Reached XP level 9. HP: 70/70 MP: 8/8
  5248 | D:7      | Reached skill level 14 in Axes
  5312 | D:7      | Reached skill level 15 in Axes
  5365 | D:7      | Reached ***** piety under Trog
  5715 | D:8      | Noticed a two-headed ogre
  5721 | D:8      | Killed a two-headed ogre
  5721 | D:8      | Reached skill level 16 in Axes
  5795 | D:8      | Noticed Psyche
  5805 | D:8      | Killed Psyche
  5805 | D:8      | Reached XP level 10. HP: 77/77 MP: 9/9
  5831 | D:8      | Found an ancient bone altar of Kikubaaqudgha.
  5832 | D:8      | Found a shadowy altar of Dithmenos.
  5906 | D:8      | Found Unulag's General Store.
  5909 | D:8      | Bought a scroll of enchant armour for 97 gold pieces
  5909 | D:8      | Bought a +2 pair of gloves for 214 gold pieces
  5995 | D:8      | Noticed a two-headed ogre
  6001 | D:8      | Killed a two-headed ogre
  6009 | D:8      | Reached skill level 17 in Axes
  6202 | D:8      | Found a snail-covered altar of Cheibriados.
  6352 | D:8      | Found a bloodstained altar of Trog.
  6456 | D:8      | Noticed a queen ant
  6463 | D:8      | Killed a queen ant
  6463 | D:8      | Reached skill level 18 in Axes
  6478 | D:8      | HP: 3/77 [poisoned by a queen ant]
  6479 | D:8      | Succumbed to a queen ant's poison

Skill      XL: |  1  2  3  4  5  6  7  8  9 10 |
---------------+-------------------------------+-----
Axes           | 4 5 6 7 8 9 12 13 16 18 | 18.3
Fighting       | |  3.6
Armour         | |  2.4
Dodging        | |  2.1

Action                   |  1- 3 |  4- 6 |  7- 9 | 10-12 || total
-------------------------+-------+-------+-------+-------++-------
Melee: Hand axe          |   102 |   173 |    90 |       ||   365
       Headbutt          |    16 |    26 |    33 |    20 ||    95
       War axe           |       |       |    39 |       ||    39
       Battleaxe         |       |       |    45 |    82 ||   127
Invok: Berserk           |       |     4 |     3 |     2 ||     9
       Trog's Hand       |       |     1 |     1 |     1 ||     3
       Burn Spellbooks   |       |     1 |       |       ||     1
  Use: Scroll            |     2 |     1 |     4 |       ||     7
  Eat: Chunk             |     3 |     9 |     9 |     1 ||    22
       Ration            |       |       |       |     1 ||     1
Armor: Animal skin       |    25 |     6 |       |       ||    31
       Leather armour    |       |    30 |     8 |       ||    38
       Ring mail         |       |       |    30 |    19 ||    49
Dodge: Dodged            |    66 |   116 |    88 |    25 ||   295
